3AA
BARTON SPRINGS BLUES @ BETHESDA ATOMS
09/13/2042
 
TOP OF THE 1ST
Barton Springs Blues batting - Pitching for Bethesda Atoms : LHP Greg Stengel
Pitching: LHP Greg Stengel
Batting: RHB Claudio Corona 0-0: Called Strike
0-1: Foul Ball, location: 2F
0-2: Ball
1-2: Fly out, F9 (Line Drive, 9, EV 94.4 MPH)
Batting: RHB Donald Martin 0-0: Ball
1-0: Ball
2-0: Ground out 4-3 (Groundball, 4S, EV 70.0 MPH)
Batting: RHB Donnie Haggard 0-0: Called Strike
0-1: Ball
1-1: Ball
2-1: Ball
3-1: Base on Balls
Batting: SHB Bill Gatacre 0-0: Foul Ball, location: 2F
0-1: Ball
1-1: Swinging Strike
1-2: Strikes out swinging
Top of the 1st over - 0 runs, 0 hits, 0 errors, 1 left on base; Barton Springs 0 - Bethesda 0
BOTTOM OF THE 1ST
Bethesda Atoms batting - Pitching for Barton Springs Blues : RHP Dave Newman
Pitching: RHP Dave Newman
Batting: SHB Mikk Tamm 0-0: Called Strike
0-1: Ball
1-1: Swinging Strike
1-2: Ball
2-2: Foul Ball, location: 2F
2-2: Foul Ball, location: 2F
2-2: Fly out, F8 (Flyball, 8LD, EV 91.2 MPH)
Batting: SHB Christian Davis 0-0: Called Strike
0-1: Called Strike
0-2: Foul Ball, location: 2F
0-2: Ball
1-2: Foul Ball, location: 2F
1-2: Ball
2-2: Ball
3-2: Base on Balls
Batting: LHB Steve Hodge 0-0: Foul Ball, location: 2F
0-1: Ball
Christian Davis steals 2nd base
1-1: Ball
2-1: Fly out, F7 (Flyball, 7D, EV 94.4 MPH)
Batting: RHB Rubén Nuañez 0-0: Fly out, F9 (Flyball, 9S, EV 90.6 MPH)
Bottom of the 1st over - 0 runs, 0 hits, 0 errors, 1 left on base; Barton Springs 0 - Bethesda 0
TOP OF THE 2ND
Barton Springs Blues batting - Pitching for Bethesda Atoms : LHP Greg Stengel
Batting: RHB José González 0-0: Ball
1-0: Called Strike
1-1: Reached on error, E5 (Groundball, 56, EV 82.5 MPH)
Batting: LHB Armando Viña 0-0: Ball
José González steals 2nd base (no throw)
1-0: SINGLE (Groundball, 34D, EV 103.1 MPH)
José González to third
Runner from 3rd tries for Home, SAFE, no throw by RF
Batting: RHB Francisco Ortíz 0-0: Called Strike
0-1: Ball
1-1: Ball
2-1: Ball
3-1: Foul Ball, location: 2F
3-2: Grounds into double play, 6-4-3 (Groundball, 6, EV 80.0 MPH)
Batting: RHB Ken Rodríguez 0-0: Called Strike
0-1: Swinging Strike
0-2: Ball
1-2: Strikes out swinging
Top of the 2nd over - 1 run, 1 hit, 1 error, 0 left on base; Barton Springs 1 - Bethesda 0
BOTTOM OF THE 2ND
Bethesda Atoms batting - Pitching for Barton Springs Blues : RHP Dave Newman
Batting: LHB José Costa 0-0: Ground out U3 (Groundball, 3L, EV 88.8 MPH)
Batting: RHB Will Gamble 0-0: Ball
1-0: Foul Ball, location: 2F
1-1: Foul Ball, location: 2F
1-2: Strikes out swinging
Batting: LHB Jin-song Au-Yong 0-0: Fly out, F9 (Line Drive, 9, EV 84.4 MPH)
Bottom of the 2nd over - 0 runs, 0 hits, 0 errors, 0 left on base; Barton Springs 1 - Bethesda 0
TOP OF THE 3RD
Barton Springs Blues batting - Pitching for Bethesda Atoms : LHP Greg Stengel
Batting: RHB Joe Smith 0-0: SINGLE (Line Drive, 7S, EV 90.0 MPH)
Batting: RHB Claudio Corona 0-0: Ball
1-0: Called Strike
1-1: Ball
2-1: 2-RUN HOME RUN (Flyball, 78XD, EV 95.0 MPH), Distance : 401 ft
Batting: RHB Donald Martin 0-0: Called Strike
0-1: Ground out 5-3 (Groundball, 56S, EV 82.5 MPH)
Batting: RHB Donnie Haggard 0-0: Ball
1-0: Ball
2-0: Ball
3-0: Base on Balls
Batting: SHB Bill Gatacre 0-0: Called Strike
0-1: Ball
1-1: Ball
2-1: Fielders Choice at 2nd, 4-6 (Groundball, 4S, EV 80.6 MPH)
Batting: RHB José González 0-0: Called Strike
0-1: Fly out, F3 (Popup, 3SF, EV 78.8 MPH)
Top of the 3rd over - 2 runs, 2 hits, 0 errors, 1 left on base; Barton Springs 3 - Bethesda 0
BOTTOM OF THE 3RD
Bethesda Atoms batting - Pitching for Barton Springs Blues : RHP Dave Newman
Batting: RHB Pepe Rodríguez 0-0: Ball
1-0: Foul Ball, location: 2F
1-1: Fly out, F5 (Flyball, 5D, EV 77.5 MPH)
Batting: RHB Anthony McGee 0-0: Ball
1-0: Called Strike
1-1: Ball
2-1: SINGLE (Flyball, 5D, EV 87.5 MPH)
Batting: SHB Mikk Tamm 0-0: Ball
1-0: Called Strike
1-1: Called Strike
1-2: Ball
2-2: Ball
3-2: Foul Ball, location: 2F
3-2: Foul Ball, location: 2F
3-2: Foul Ball, location: 2F
3-2: Base on Balls
Anthony McGee to second
Batting: SHB Christian Davis 0-0: Called Strike
0-1: DOUBLE (Line Drive, 9LM, EV 104.4 MPH)
Anthony McGee scores
Mikk Tamm to third
Batting: LHB Steve Hodge 0-0: Called Strike
0-1: Swinging Strike
0-2: SINGLE (Flyball, 78S, EV 91.9 MPH)
Mikk Tamm scores
Christian Davis to third
Throwing error, E7
Christian Davis scores
Steve Hodge to second
Batting: RHB Rubén Nuañez 0-0: Ball
1-0: Fly out, F9 (Flyball, 89D, EV 96.2 MPH)
Runner from 2nd tags up, SAFE at 3rd, no throw by RF
Batting: LHB José Costa 0-0: Ball
1-0: Called Strike
1-1: Swinging Strike
1-2: Fly out, F7 (Flyball, 78S, EV 94.4 MPH)
Bottom of the 3rd over - 3 runs, 3 hits, 1 error, 1 left on base; Barton Springs 3 - Bethesda 3
TOP OF THE 4TH
Barton Springs Blues batting - Pitching for Bethesda Atoms : LHP Greg Stengel
Batting: LHB Armando Viña 0-0: SINGLE (Groundball, 4D, EV 96.9 MPH)
Batting: RHB Francisco Ortíz 0-0: Ball
1-0: Ball
2-0: Foul Ball, location: 2F
2-1: Ball
3-1: Swinging Strike
3-2: Foul Ball, location: 2F
3-2: Strikes out swinging
Batting: RHB Ken Rodríguez 0-0: Called Strike
Armando Viña steals 2nd base
0-1: Ball
1-1: Swinging Strike
1-2: Ball
2-2: Foul Ball, location: 2F
2-2: Ball
3-2: Ground out 6-3 (Groundball, 56, EV 88.1 MPH)
Batting: RHB Joe Smith 0-0: SINGLE (Groundball, 6M, EV 93.8 MPH)
Armando Viña to third
Runner from 3rd tries for Home, SAFE, no throw by CF
Batting: RHB Claudio Corona 0-0: Ball
1-0: Called Strike
Joe Smith steals 2nd base
1-1: Called Strike
1-2: Strikes out swinging
Top of the 4th over - 1 run, 2 hits, 0 errors, 1 left on base; Barton Springs 4 - Bethesda 3
BOTTOM OF THE 4TH
Bethesda Atoms batting - Pitching for Barton Springs Blues : RHP Dave Newman
Batting: RHB Will Gamble 0-0: Called Strike
0-1: Called Strike
0-2: Foul Ball, location: 2F
0-2: Foul Ball, location: 2F
0-2: Ground out 6-3 (Groundball, 6, EV 85.0 MPH)
Batting: LHB Jin-song Au-Yong 0-0: Ball
1-0: Called Strike
1-1: SOLO HOME RUN (Flyball, 89XD, EV 95.6 MPH), Distance : 416 ft
Batting: RHB Pepe Rodríguez 0-0: Foul Ball, location: 2F
0-1: Called Strike
0-2: Ball
1-2: Fly out, F8 (Line Drive, 8RM, EV 88.8 MPH)
Batting: RHB Anthony McGee 0-0: Ball
1-0: Ground out 4-3 (Groundball, 4D, EV 84.4 MPH)
Bottom of the 4th over - 1 run, 1 hit, 0 errors, 0 left on base; Barton Springs 4 - Bethesda 4
TOP OF THE 5TH
Barton Springs Blues batting - Pitching for Bethesda Atoms : LHP Greg Stengel
Batting: RHB Donald Martin 0-0: Called Strike
0-1: Fly out, F9 (Flyball, 89S, EV 89.4 MPH)
Batting: RHB Donnie Haggard 0-0: Swinging Strike
0-1: Ball
1-1: Fly out, F8 (Flyball, 78S, EV 88.1 MPH)
Batting: SHB Bill Gatacre 0-0: Called Strike
0-1: Ball
1-1: Fly out, F2 (Popup, 25F, EV 92.5 MPH)
Top of the 5th over - 0 runs, 0 hits, 0 errors, 0 left on base; Barton Springs 4 - Bethesda 4
BOTTOM OF THE 5TH
Bethesda Atoms batting - Pitching for Barton Springs Blues : RHP Dave Newman
Batting: SHB Mikk Tamm 0-0: Ball
1-0: Called Strike
1-1: Ball
2-1: Fly out, F9 (Flyball, 89M, EV 75.6 MPH)
Batting: SHB Christian Davis 0-0: Ball
1-0: Ball
2-0: Swinging Strike
2-1: Ball
3-1: SINGLE (Line Drive, 34, EV 94.4 MPH)
Batting: LHB Steve Hodge 0-0: Swinging Strike
0-1: Ball
1-1: Ball
Christian Davis is caught stealing 2nd base 2-6
2-1: Ball
3-1: SINGLE (Groundball, 6MD, EV 100.6 MPH)
Batting: RHB Rubén Nuañez 0-0: Fly out, F8 (Line Drive, 8LD, EV 94.4 MPH)
Bottom of the 5th over - 0 runs, 2 hits, 0 errors, 1 left on base; Barton Springs 4 - Bethesda 4
TOP OF THE 6TH
Barton Springs Blues batting - Pitching for Bethesda Atoms : LHP Greg Stengel
Batting: RHB José González 0-0: Swinging Strike
0-1: Ball
1-1: Called Strike
1-2: Foul Ball, location: 2F
1-2: Ground out U3 (Groundball, 3, EV 78.1 MPH)
Batting: LHB Armando Viña 0-0: SINGLE (Groundball, 4, EV 104.4 MPH) (infield hit)
Batting: RHB Francisco Ortíz 0-0: Ball
1-0: Ball
2-0: Ball
3-0: Base on Balls
Armando Viña to second
Batting: RHB Ken Rodríguez 0-0: Swinging Strike
0-1: Grounds into double play, 4-6-3 (Groundball, 4, EV 86.2 MPH)
Top of the 6th over - 0 runs, 1 hit, 0 errors, 1 left on base; Barton Springs 4 - Bethesda 4
BOTTOM OF THE 6TH
Bethesda Atoms batting - Pitching for Barton Springs Blues : RHP Dave Newman
Batting: LHB José Costa 0-0: Fly out, F7 (Line Drive, 7D, EV 85.0 MPH)
Batting: RHB Will Gamble 0-0: Called Strike
0-1: Foul Ball, location: 2F
0-2: SINGLE (Groundball, 56, EV 100.0 MPH)
Batting: LHB Jin-song Au-Yong 0-0: Swinging Strike
0-1: Ball
1-1: Foul Ball, location: 2F
1-2: Ball
2-2: Foul Ball, location: 2F
2-2: Ball
3-2: Base on Balls
Will Gamble to second
Pitching: LHP Laurens Bancroft
Batting: RHB Pepe Rodríguez 0-0: Grounds into double play, 6-4-3 (Groundball, 6, EV 101.2 MPH)
Bottom of the 6th over - 0 runs, 1 hit, 0 errors, 1 left on base; Barton Springs 4 - Bethesda 4
TOP OF THE 7TH
Barton Springs Blues batting - Pitching for Bethesda Atoms : LHP Greg Stengel
Batting: RHB Joe Smith 0-0: Called Strike
0-1: SINGLE (Groundball, 56D, EV 93.8 MPH)
Batting: RHB Claudio Corona 0-0: Ball
1-0: Sac Bunt to 15 - play at first, batter OUT! 1-4
Joe Smith to second
Batting: RHB Donald Martin 0-0: Called Strike
0-1: Ball
1-1: Swinging Strike
1-2: Foul Ball, location: 2F
1-2: Ball
2-2: Ball
3-2: Ground out 5-3 (Groundball, 56, EV 84.4 MPH)
Batting: RHB Donnie Haggard 0-0: Swinging Strike
0-1: Called Strike
0-2: Ball
Passed Ball!
Joe Smith to third
1-2: Strikes out looking
Top of the 7th over - 0 runs, 1 hit, 0 errors, 1 left on base; Barton Springs 4 - Bethesda 4
BOTTOM OF THE 7TH
Bethesda Atoms batting - Pitching for Barton Springs Blues : LHP Laurens Bancroft
Batting: RHB Anthony McGee 0-0: Ball
1-0: Foul Ball, location: 2F
1-1: Called Strike
1-2: Foul Ball, location: 2F
1-2: Fly out, F7 (Flyball, 7S, EV 79.4 MPH)
Batting: SHB Mikk Tamm 0-0: Swinging Strike
0-1: Swinging Strike
0-2: Ground out 5-3 (Groundball, 5, EV 88.1 MPH)
Batting: SHB Christian Davis 0-0: Ground out 5-3 (Groundball, 5, EV 77.5 MPH)
Bottom of the 7th over - 0 runs, 0 hits, 0 errors, 0 left on base; Barton Springs 4 - Bethesda 4
TOP OF THE 8TH
Barton Springs Blues batting - Pitching for Bethesda Atoms : LHP Greg Stengel
Batting: SHB Bill Gatacre 0-0: Ball
1-0: Called Strike
1-1: Foul Ball, location: 2F
1-2: Foul Ball, location: 2F
1-2: SOLO HOME RUN (Flyball, 78XD, EV 112.5 MPH), Distance : 431 ft
Batting: RHB José González 0-0: Called Strike
0-1: Swinging Strike
0-2: Ground out 5-3 (Groundball, 56, EV 86.9 MPH)
Pitching: RHP Ángel Franco
Batting: LHB Armando Viña 0-0: Ball
1-0: Ground out 1-3 (Groundball, 34S, EV 85.0 MPH)
Batting: RHB Francisco Ortíz 0-0: Called Strike
0-1: Ball
1-1: Ball
2-1: Foul Ball, location: 2F
2-2: Ground out 1-3 (Groundball, 34S, EV 83.1 MPH)
Top of the 8th over - 1 run, 1 hit, 0 errors, 0 left on base; Barton Springs 5 - Bethesda 4
BOTTOM OF THE 8TH
Bethesda Atoms batting - Pitching for Barton Springs Blues : LHP Laurens Bancroft
Batting: LHB Steve Hodge 0-0: Called Strike
0-1: Swinging Strike
0-2: Foul Ball, location: 2F
0-2: Ball
1-2: Foul Ball, location: 2F
1-2: Foul Ball, location: 2F
1-2: Ball
2-2: Ball
3-2: SINGLE (Line Drive, 6D, EV 96.9 MPH)
Batting: RHB Rubén Nuañez 0-0: Ball
1-0: Called Strike
1-1: Swinging Strike
1-2: DOUBLE (Flyball, 78XD, EV 103.1 MPH)
Steve Hodge to third
Runner from 3rd tries for Home, SAFE, no throw by CF
Batting: LHB José Costa 0-0: Called Strike
0-1: Ball
1-1: Ball
2-1: Ball
3-1: Swinging Strike
3-2: Strikes out swinging
Batting: RHB Will Gamble 0-0: Intentional Walk
Batting: LHB Jin-song Au-Yong 0-0: Ground out U3 (Groundball, 3L, EV 84.4 MPH)
Rubén Nuañez to third
Will Gamble to second
Batting: RHB Pepe Rodríguez 0-0: Called Strike
0-1: Called Strike
0-2: Ball
1-2: Fly out, F7 (Flyball, 78XD, EV 104.4 MPH)
Bottom of the 8th over - 1 run, 2 hits, 0 errors, 2 left on base; Barton Springs 5 - Bethesda 5
TOP OF THE 9TH
Barton Springs Blues batting - Pitching for Bethesda Atoms : RHP Ángel Franco
Pitching: RHP Britt Casey
Batting: RHB Ken Rodríguez 0-0: Foul Ball, location: 2F
0-1: Ball
1-1: Swinging Strike
1-2: Ball
2-2: Strikes out swinging
Batting: RHB Joe Smith 0-0: Ball
1-0: Foul Ball, location: 2F
1-1: Ball
2-1: Ball
3-1: Base on Balls
Batting: RHB Claudio Corona 0-0: Called Strike
0-1: Ball
1-1: Fly out, F4 (Flyball, 34D, EV 95.6 MPH)
Batting: RHB Donald Martin 0-0: Called Strike
0-1: Fly out, F9 (Flyball, 9, EV 89.4 MPH)
Top of the 9th over - 0 runs, 0 hits, 0 errors, 1 left on base; Barton Springs 5 - Bethesda 5
BOTTOM OF THE 9TH
Bethesda Atoms batting - Pitching for Barton Springs Blues : LHP Laurens Bancroft
Pitching: RHP Ralph Dunn
Pinch Hitting: LHB Mhelter Narcida 0-0: Called Strike
0-1: Ball
1-1: Foul Ball, location: 2F
1-2: Ball
2-2: Fly out, F6 (Popup, 6S, EV 66.9 MPH)
Batting: SHB Mikk Tamm 0-0: Fly out, F7 (Flyball, 7S, EV 67.5 MPH)
Batting: SHB Christian Davis 0-0: Ball
1-0: DOUBLE (Line Drive, 7LM, EV 93.8 MPH)
Batting: LHB Steve Hodge 0-0: Ball
1-0: Ball
2-0: Called Strike
2-1: Foul Ball, location: 2F
2-2: Ball
3-2: Ground out U3 (Groundball, 3S, EV 61.9 MPH)
Bottom of the 9th over - 0 runs, 1 hit, 0 errors, 1 left on base; Barton Springs 5 - Bethesda 5
TOP OF THE 10TH
Barton Springs Blues batting - Pitching for Bethesda Atoms : RHP Britt Casey
Now at 3B: Jack Plumb
Batting: RHB Donnie Haggard 0-0: Ball
1-0: Called Strike
1-1: Fly out, F8 (Flyball, 78D, EV 96.2 MPH)
Batting: SHB Bill Gatacre 0-0: Ball
1-0: Ball
2-0: Foul Ball, location: 2F
2-1: Foul Ball, location: 2F
2-2: SOLO HOME RUN (Line Drive, 89XD, EV 100.0 MPH), Distance : 399 ft
Batting: RHB José González 0-0: Ball
1-0: Swinging Strike
1-1: Fly out, F4 (Popup, 4D, EV 48.1 MPH)
Batting: LHB Armando Viña 0-0: Ball
1-0: Ball
2-0: Ground out 1-3 (Groundball, P, EV 76.2 MPH)
Top of the 10th over - 1 run, 1 hit, 0 errors, 0 left on base; Barton Springs 6 - Bethesda 5
BOTTOM OF THE 10TH
Bethesda Atoms batting - Pitching for Barton Springs Blues : RHP Ralph Dunn
Now at 3B: Mike O'Neill
Batting: RHB Rubén Nuañez 0-0: Fly out, F8 (Flyball, 78S, EV 82.5 MPH)
Batting: LHB José Costa 0-0: Swinging Strike
0-1: Called Strike
0-2: Ball
1-2: Ball
2-2: Strikes out swinging
Batting: RHB Will Gamble 0-0: Ball
1-0: Fly out, F8 (Flyball, 8LXD, EV 96.2 MPH)
Bottom of the 10th over - 0 runs, 0 hits, 0 errors, 0 left on base; Barton Springs 6 - Bethesda 5
Friday, March 26th, 2021 - OOTP Baseball 20.8 Build 74